 Dungeon Crawl Stone Soup version 0.24-a0-388-gb57f36d6e0 (webtiles) character file.

Game seed: 13692422618322609745

284 Eurus the Magician (level 6, -2/41 HPs)
             Began as a Demonspawn Wizard on June 4, 2019.
             Was an Initiate of Sif Muna.
             Slain by Purgy (5 damage)
             ... in a sewer.
             The game lasted 00:14:19 (5245 turns).

Eurus the Magician (Demonspawn Wizard)              Turns: 5245, Time: 00:14:20

Health: -2/41      AC:  5    Str:  7    XL:     6   Next: 7%
Magic:  7/12       EV: 12    Int: 26    God:    Sif Muna [......]
Gold:   240        SH:  0    Dex: 15    Spells: 9/14 levels left

rFire    + . .     SeeInvis .   v - +3 dagger (flame)
rCold    . . .     Gourm    .   (no shield)
rNeg     . . .     Faith    .   a - +0 robe
rPois    .         Spirit   .   b - +1 hat
rElec    .         Reflect  .   (no cloak)
rCorr    .         Harm     .   (no gloves)
MR       .....                  (no boots)
Stlth    ++........             (no amulet)
HPRegen  0.13/turn              h - +3 ring of dexterity
MPRegen  0.13/turn              (no ring)

@: brilliant
A: talons 2, slimy green scales 1, fire resistance 1
a: Renounce Religion


You were in a sewer.
You worshipped Sif Muna.
Sif Muna was noncommittal.
You were not hungry.

You visited 1 branch of the dungeon, and saw 4 of its levels.
You also visited: Sewer.

You collected 240 gold pieces.

Inventory:

Hand Weapons
 f - a +1 dagger of protection
 v - a +3 dagger of flaming (weapon)
Armour
 a - a +0 robe (worn)
 b - a +1 hat (worn)
Jewellery
 h - a +3 ring of dexterity (left hand)
 n - a +4 ring of intelligence {unknown}
Wands
 q - a wand of enslavement (6)
Scrolls
 j - a scroll of blinking
 m - 5 scrolls of identify
 o - 4 scrolls of teleportation
 r - a scroll of enchant armour
 u - a scroll of fog {unknown}
Potions
 e - a potion of mutation {unknown}
 g - a potion of resistance {unknown}
 k - a potion of might {unknown}
 l - a potion of agility {unknown}
 p - a potion of haste {unknown}
 s - 2 potions of degeneration
 t - 2 potions of brilliance
Comestibles
 c - 2 chunks of flesh
 d - 10 rations


   Skills:
 - Level 1.7 Dodging
 - Level 1.7 Stealth
 * Level 4.5 Spellcasting
 * Level 3.8 Conjurations
 - Level 2.0 Summonings
 + Level 2.0 Translocations


You had 9 spell levels left.
You knew the following spells:

 Your Spells              Type           Power        Failure   Level  Hunger
a - Magic Dart            Conj           ####         1%          1    None
b - Blink                 Tloc           N/A          1%          2    None
c - Call Imp              Summ           ####....     1%          2    None

Your spell library contained the following spells:

 Spells                   Type           Power        Failure   Level  Hunger
 Confusing Touch          Hex            ###...       1%          1    None
 Slow                     Hex            ###.....     1%          2    None
 Conjure Flame            Conj/Fire      ####....     1%          3    ##.....
 Gell's Gravitas          Tloc           ####......   1%          3    ##.....
 Mephitic Cloud           Conj/Pois/Air  ####....     1%          3    ##.....
 Confuse                  Hex            ###.....     3%          3    ##.....
 Petrify                  Tmut/Erth      ###.....     10%         4    ####...
 Metabolic Englaciation   Hex/Ice        ###.......   22%         5    #####..
 Yara's Violent Unravell  Hex/Tmut       ###.......   22%         5    #####..


Dungeon Overview and Level Annotations

Branches:
Dungeon (4/15)
 Temple: D:4-7

Altars:
Gozag
Okawaru
Ru
Sif Muna

Annotations:
Sewer Purgy


Innate Abilities, Weirdness & Mutations

You have razor-sharp toenails.
You are partially covered in slimy green scales. (AC +2)
Your flesh is heat resistant. (rF+)


Message History

* * * LOW HITPOINT WARNING * * *
Purgy barely misses you. What are your orders? t - Shout!
Orders for allies: a - Attack new target. p - Attack previous target. r - Retreat! s - Stop attacking. g - Guard the area. f - Follow me.
Anything else - Cancel.
Okay, then.
Okay, then.
Casting: Magic Dart (safe; 1% risk of failure)
Confirm with . or Enter, or press ? or * to list all spells.
Aiming: Magic Dart (safe; 1% risk of failure)
Press: ? - help, Shift-Dir - straight line, f/p - Purgy
Aim: Purgy (severely wounded)
The magic dart hits Purgy.
Purgy is almost dead.
The frilled lizard bites you but does no damage.
Purgy bites you.
You die...

##≈≈≈≈≈≈≈≈≈≈≈≈≈≈≈≈####
#≈≈≈≈≈≈≈≈≈≈≈≈≈≈≈≈≈≈≈≈#
###≈≈≈≈≈≈≈≈≈≈≈≈≈≈≈≈≈≈≈≈#
#≈≈≈≈≈≈≈≈≈≈≈≈≈≈≈≈≈≈≈≈≈≈#
≈≈≈≈≈≈≈≈≈≈≈≈≈≈≈≈≈≈≈≈≈≈≈≈
≈≈≈≈≈≈≈≈≈≈≈≈≈≈≈≈≈≈≈≈≈≈≈≈
≈≈≈≈≈≈≈≈≈≈≈≈≈≈≈≈≈≈≈≈≈≈≈≈
≈≈≈≈≈≈≈≈≈≈#.≈≈≈≈.≈.≈≈≈≈≈
≈≈≈≈≈≈l@≈#####≈##.#÷≈≈≈≈
≈≈≈≈≈≈T### #≈####.≈≈≈≈
≈≈≈≈≈≈≈ #.# ##≈≈≈≈
≈≈≈≈≈≈≈ #≈# ##≈≈≈
≈≈≈≈≈.# #.# #≈≈≈ ≈≈≈≈≈#
#.# #..≈ ≈≈≈≈. ##≈##
##≈≈ ≈≈≈.# #...# #.≈
#.∩.# #.≈


You could see Purgy and a frilled lizard.

Vanquished Creatures
  4 orc wizards
  8 gnolls
  An adder (D:2)
  2 dart slugs
  2 leopard geckos (D:4)
  5 orcs
  3 bats
  7 giant cockroaches
  11 goblins
  6 hobgoblins
  3 jackals (D:3)
  7 kobolds
  3 quokkas
  A ball python (D:3)
  11 frilled lizards
  A leopard gecko skeleton (D:4)
  A quokka skeleton (D:4)
  7 rats
83 creatures vanquished.

Notes
Turn   | Place    | Note
-------+----------+-------------------------------------------
     0 | D:1      | Eurus the Demonspawn Wizard began the quest for the Orb.
     0 | D:1      | Reached XP level 1. HP: 13/13 MP: 4/4
   243 | D:1      | Gained mutation: You are partially covered in slimy green
                  | scales. (AC +2) [demonic ancestry]
   243 | D:1      | Reached XP level 2. HP: 11/19 MP: 4/6
  1096 | D:2      | Gained mutation: You have sharp toenails. [demonic
                  | ancestry]
  1096 | D:2      | Reached XP level 3. HP: 24/24 MP: 4/8
  1189 | D:2      | Learned a level 2 spell: Blink
  1192 | D:2      | Learned a level 2 spell: Call Imp
  1432 | D:2      | Found a faded altar of an unknown god.
  1971 | D:2      | Reached skill level 1 in Translocations
  2459 | D:3      | Found a sacrificial altar of Ru.
  2605 | D:3      | Reached XP level 4. HP: 12/30 MP: 5/9
  2785 | D:3      | Reached skill level 4 in Spellcasting
  3069 | D:2      | Gained mutation: You have razor-sharp toenails. [demonic
                  | ancestry]
  3069 | D:2      | Reached XP level 5. HP: 16/35 MP: 11/11
  4613 | D:4      | Found an iron altar of Okawaru.
  4632 | D:4      | Gained mutation: Your flesh is heat resistant. (rF+)
                  | [demonic ancestry]
  4632 | D:4      | Reached XP level 6. HP: 13/41 MP: 4/12
  4906 | D:4      | Found an opulent altar of Gozag.
  4949 | D:4      | Found a deep blue altar of Sif Muna.
  4953 | D:4      | Became a worshipper of Sif Muna the Loreminder
  5121 | D:4      | Found a glowing drain.
  5125 | Sewer    | Entered a sewer
  5220 | Sewer    | Noticed Purgy
  5245 | Sewer    | Slain by Purgy

Levels and vault maps discovered:
D:1:      scummos_arrival_hexagon, layout_rooms, minmay_pentomino_x4
D:2:      layout_loops_ring, first_ration, chequers_ecumenical_altar_lobes
D:3:      layout_loops_corners, nicolae_ru_awakened_eye,
          minmay_misc_feat_rugged, moated_statue
D:4:      layout_basic, nicolae_gozag_cash_rules_everything_around_me,
          marbit_many_paths, nicolae_overflow_crystal_walls,
          gup_sewer_entry_bowl, uniq_ijyb
Sewer:    sewer_co_purgy_island

Skill      XL: |  1  2  3  4  5  6 |
---------------+-------------------+-----
Conjurations   | 2 3 |  3.8
Translocations | 1 2 |  2.0
Spellcasting   | 4 |  4.5
Summonings     | 2 |  2.0
Dodging        | |  1.7
Stealth        | |  1.7

Action                   |  1- 3 |  4- 6 || total
-------------------------+-------+-------++-------
Melee: Unarmed           |    11 |       ||    11
       Dagger            |   141 |    74 ||   215
       Kick              |    13 |    21 ||    34
 Cast: Magic Dart        |    54 |    61 ||   115
  Use: Scroll            |     1 |     6 ||     7
       Potion            |       |     5 ||     5
 Stab: Sleeping          |       |     2 ||     2
  Eat: Chunk             |     6 |     8 ||    14
Armor: Robe              |    51 |    41 ||    92
Dodge: Dodged            |    79 |    68 ||   147

Table legend:
 A = Non-vault XP
 B = Vault XP
 C = Vault XP percentage of total XP
 D = Non-vault monster count
 E = Vault monster count
 F = Vault count percentage of total count
                 A         B        C        D         E       F
            +---------+---------+-------+---------+---------+-------
      Total |     387 |      19 |   4.7 |      71 |      12 |  14.5
            +---------+---------+-------+---------+---------+-------
        D:1 |      40 |       6 |  13.0 |      16 |       3 |  15.8
        D:2 |     133 |       0 |   0.0 |      25 |       0 |   0.0
        D:3 |     131 |       0 |   0.0 |      24 |       0 |   0.0
        D:4 |      83 |       7 |   7.8 |       6 |       3 |  33.3
      Sewer |       0 |       6 | 100.0 |       0 |       6 | 100.0
            +---------+---------+-------+---------+---------+-------
